 Dungeon Crawl Stone Soup version 0.27.1-33-g824d729ab1 (webtiles) character file.

Game seed: 11214920086305419465

84 Grabarz the Ducker (level 4, 0/18 HPs)
             Began as a Felid Air Elementalist on Dec 8, 2021.
             Was an Initiate of Sif Muna.
             Slain by a bullfrog zombie (4 damage)
             ... on level 4 of the Dungeon on Dec 9, 2021.
             The game lasted 00:28:21 (5158 turns).

Grabarz the Ducker (Felid Air Elementalist)         Turns: 5158, Time: 00:28:22

Health: 0/18       AC:  1    Str:  4    XL:     4   Next: 24%
Magic:  0/9        EV: 18    Int: 18    God:    Sif Muna [......]
Gold:   93         SH:  0    Dex: 16    Spells: 1/9 levels left
                                        Lives:  0   Deaths: 1

rFire    . . .     SeeInvis +   (weapon unavailable)
rCold    . . .     Faith    .   (shield unavailable)
rNeg     . . .     Spirit   .   (armour unavailable)
rPois    .         Reflect  .   (helmet unavailable)
rElec    .         Harm     .   (cloak unavailable)
rCorr    .         Rampage  .   (gloves unavailable)
Will     .....                  (boots unavailable)
Stlth    ++........             (no amulet)
HPRegen  0.06/turn              (no ring)
MPRegen  0.11/turn              (no ring)

@: quick
A: very small, claws 1, fangs 3, see invisible, speed 1, shaggy fur 1, stealthy
paws, no weapons or thrown items, no armour, multi-lived
a: Renounce Religion


You were on level 4 of the Dungeon.
You worshipped Sif Muna.
Sif Muna was noncommittal.
You visited 1 branch of the dungeon, and saw 5 of its levels.

You collected 93 gold pieces.

Inventory:

Wands
 a - a wand of acid (6)
 b - a wand of digging (5)
Scrolls
 c - 3 scrolls of teleportation
 d - 3 scrolls of torment {unknown}
 f - a scroll of identify


   Skills:
 + Level 3.7 Dodging
 - Level 2.6 Stealth
 * Level 3.1 Spellcasting
 * Level 2.1 Conjurations
 * Level 3.6 Air Magic
 - Level 1.0 Poison Magic


You had one spell level left.
You knew the following spells:

 Your Spells              Type           Power      Damage    Failure   Level
a - Shock                 Conj/Air       52%        1d6       4%          1
b - Static Discharge      Conj/Air       13%        N/A       8%          2
c - Swiftness             Air            16%        N/A       11%         3
d - Poisonous Vapours     Pois/Air       22%        N/A       10%         2

Your spell library contained the following spells:

 Spells                   Type           Power      Damage    Failure   Level
 Sting                    Tmut/Pois      16%        1d3       13%         1
 Airstrike                Air            8%         N/A       34%         4
 Olgreb's Toxic Radiance  Pois           6%         N/A       71%         4


Dungeon Overview and Level Annotations

Branches:
Dungeon (5/15)
 Temple: D:4-7

Altars:
Elyvilon
Okawaru
Sif Muna
Trog
Wu Jian
Yredelemnul

Annotations:
D:3 Blork the orc, Grinder


Innate Abilities, Weirdness & Mutations

You have sharp claws.
You have razor-sharp teeth.
You have supernaturally acute eyesight. (SInv)
You cover ground quickly. (Speed+)
You are covered in fur. (AC +1)
Your paws help you pounce on unaware monsters.
You are incapable of wielding weapons or throwing items.
You cannot wear armour.
You gain extra lives every three experience levels.


Message History

The bullfrog zombie is severely damaged.
You are struck by an arc of lightning.
The lightning grounds out.
The bullfrog zombie hits you.
Casting: Static Discharge (safe; 8% risk of failure)
Confirm with . or Enter, or press ? or * to list all spells.
You don't have enough magic to cast this spell.
Aiming: Shock (safe; 4% risk of failure)
Press: ? - help, Q - select action, (/) - cycle Shift-Dir - straight line, f/p - bullfrog zombie
Aim: a bullfrog zombie (severely damaged, 81% to hit)
The zap hits the bullfrog zombie.
The bullfrog zombie is severely damaged.
The bullfrog zombie misses you. x2
The bullfrog zombie hits you.
Aiming: Shock (safe; 4% risk of failure)
Press: ? - help, Q - select action, (/) - cycle Shift-Dir - straight line, f/p - bullfrog zombie
Aim: a bullfrog zombie (severely damaged, 81% to hit)
The zap hits the bullfrog zombie.
The bullfrog zombie is severely damaged.
The bullfrog zombie hits you.
You see here 14 stones.
Aiming: Shock (safe; 4% risk of failure)
Press: ? - help, Q - select action, (/) - cycle Shift-Dir - straight line, f/p - bullfrog zombie
Aim: a bullfrog zombie (severely damaged, 81% to hit)
The zap hits the bullfrog zombie.
The bullfrog zombie is almost destroyed.
The bullfrog zombie misses you. The bullfrog zombie closely misses you.
Found a robe.
Found a stone staircase leading down.
You see here a +0 robe.
Aiming: Shock (safe; 4% risk of failure)
Press: ? - help, Q - select action, (/) - cycle Shift-Dir - straight line, f/p - bullfrog zombie
Aim: a bullfrog zombie (almost destroyed, 81% to hit)
The zap hits the bullfrog zombie.
The bullfrog zombie is almost destroyed.
The zap hits the bullfrog zombie.
The bullfrog zombie is almost destroyed.
The bullfrog zombie hits you.
* * * LOW HITPOINT WARNING * * *
The bullfrog zombie hits you.
You die...

#.. #...# ## #.Z. ..
#...###. ##♣ ##......
#.. . ...##.# #.# #..
#.##.#### #.#
#....##.....[.# #.#
#....>.@Z..##.########.#
##.####.##.##.......(...
#.##.###########.#
..##.# #.# #####.# #.#
#.# #.# #. #.# #.# #.
... #. #.#


You could see a bullfrog zombie and a hound skeleton.

Vanquished Creatures
  A water moccasin skeleton (D:3)
  An orc wizard (D:3)
  3 adders
  A dart slug (D:1)
  3 orcs (D:3)
  5 ball pythons
  4 endoplasms
  2 giant cockroaches (D:2)
  2 goblins
  6 hobgoblins
  3 jackals (D:1)
  3 quokkas
  4 bats
  2 frilled lizards (D:1)
  6 kobolds
  21 rats
67 creatures vanquished.

Vanquished Creatures (collateral kills)
  An endoplasm (D:3)
1 creature vanquished.

Grand Total: 68 creatures vanquished

Notes
Turn   | Place    | Note
-------+----------+-------------------------------------------
     0 | D:1      | Grabarz the Felid Air Elementalist began the quest for the
                  | Orb.
     0 | D:1      | Reached XP level 1. HP: 7/7 MP: 4/4
   294 | D:1      | Reached skill level 1 in Conjurations
   518 | D:1      | Reached XP level 2. HP: 11/11 MP: 3/6
   552 | D:1      | Found a faded altar of an unknown god.
  1225 | D:1      | Learned a level 2 spell: Static Discharge
  1389 | D:2      | Reached XP level 3. HP: 10/14 MP: 0/7
  1486 | D:2      | Learned a level 3 spell: Swiftness
  2622 | D:2      | Reached XP level 4. HP: 16/18 MP: 3/9
  2851 | D:2      | Learned a level 2 spell: Poisonous Vapours
  3833 | D:3      | Found an ornate altar of the Wu Jian Council.
  3848 | D:3      | Found a bloodstained altar of Trog.
  3876 | D:3      | Reached XP level 5. HP: 21/21 MP: 5/10
  4130 | D:3      | Reached skill level 1 in Poison Magic
  4223 | D:3      | Found an iron altar of Okawaru.
  4223 | D:3      | Found a white marble altar of Elyvilon.
  4231 | D:3      | Found a faded altar of an unknown god.
  4233 | D:3      | Found a faded altar of an unknown god.
  4235 | D:3      | Found a shimmering blue altar of Sif Muna.
  4238 | D:3      | Became a worshipper of Sif Muna the Loreminder
  4498 | D:4      | Noticed Blork the orc
  4520 | D:3      | Killed from afar by Blork the orc
  4521 | D:3      | Reached XP level 4. HP: -1/18 MP: 1/9
  4543 | D:4      | Noticed Grinder
  4611 | D:3      | You fall into a shaft and drop 2 floors!
  4611 | D:5      | Entered Level 5 of the Dungeon
  4837 | D:4      | Found a basalt altar of Yredelemnul.
  5158 | D:4      | Slain by a bullfrog zombie

Illustrated notes

Levels and vault maps discovered:
D:1:      dpeg_arrival_round_c, layout_loops_ring,
          hellmonk_ecumenical_altar_arch_garden
D:2:      layout_basic, minmay_rat_hole
D:3:      layout_basic, mainiacjoe_overflow_tiny_flanked,
          chequers_temple_overflow_minitemple, mainiacjoe_overflow_catwalk
D:4:      layout_loops_ring, nicolae_yredelemnul_corpse_copse, uniq_grinder,
          uniq_blork_the_orc
D:5:      layout_basic, grunt_ministairs_11

Skill      XL: |  1  2  3  4  5 |
---------------+----------------+-----
Conjurations   | 1 2 |  2.1
Air Magic      | 3 |  3.6
Dodging        | 3 |  3.7
Spellcasting   | 3 |  3.1
Poison Magic   | 1 |  1.0
Stealth        | |  2.6

Action                   |  1- 3 |  4- 6 || total
-------------------------+-------+-------++-------
 Cast: Shock             |    78 |    66 ||   144
       Static Discharge  |     8 |    15 ||    23
       Poisonous Vapours |       |     4 ||     4
  Use: Scroll            |     2 |     3 ||     5
       Potion            |       |     2 ||     2
Armor: Skin              |     2 |     2 ||     4
Dodge: Dodged            |    28 |    30 ||    58
